 Dungeon Crawl Stone Soup version 0.17-a0-1572-g7a1422d (webtiles) character file.

4539 Chiseanne the Fighter (level 10, -3/96 HPs)
             Began as an Ogre Chaos Knight on July 25, 2015.
             Slain by fneyf's ghost (10 damage)
             ... on level 8 of the Dungeon.
             The game lasted 00:32:06 (7895 turns).

Chiseanne the Fighter (Ogre Chaos Knight)           Turns: 7895, Time: 00:32:06

Health: -3/96      AC: 17    Str: 22    XL:     10   Next: 40%
Magic:  14/14      EV:  8    Int: 11    God:    Xom [......]
Gold:   97         SH:  0    Dex:  8    Spells: 1 memorised, 13 levels left

rFire  + . .     SeeInvis +     a - +2 hammer (protect)
rCold  + . .     Clarity  .     b - +2 robe
rNeg   + . .     SustAt   .     B - +3 large shield
rPois  +         Gourm    +     (helmet restricted)
rElec  .         Spirit   .     u - +2 cloak
rCorr  .         Warding  .     (gloves unavailable)
rMut   .         Stasis   .     (boots unavailable)
MR     +....                    C - amulet of the gourmand
Stlth  ..........               j - ring of protection from fire
                                L - ring "Veyrhu" {rPois rC+ rN+ Stlth-}

@: confused, very slightly contaminated, heavily drained, somewhat resistant to
hostile enchantments, extremely unstealthy
A: unfitting armour, icy blue scales 1, rough black scales 1, see invisible,
deformed body, frail 1, regeneration 1, tough skin 1, evolution 1
a: Renounce Religion


You were on level 8 of the Dungeon.
You worshipped Xom.
You were a very special plaything of Xom.
You were full.

You visited 1 branch of the dungeon, and saw 8 of its levels.

You collected 515 gold pieces.
You spent 418 gold pieces at shops.

Inventory:

Hand weapons
 a - a +2 hammer of protection (weapon)
 d - a +0 flail
 s - the +1 long sword "Yray" {freeze, rElec rPois MR- Dex+4}
   (You found it on level 7 of the Dungeon)

   It has been specially enchanted to freeze those struck by it, causing extra
   injury to most foes and up to half again as much damage against particularly
   susceptible opponents.
   It can also slow down cold-blooded creatures.
   It affects your dexterity (+4).
   It insulates you from electricity.
   It protects you from poison.
   It affects your resistance to hostile enchantments.
 y - a +0 vampiric long sword
 F - a +0 broad axe
 K - a +0 morningstar
Missiles
 e - 92 poisoned needles
 m - 58 bolts
 v - 54 sling bullets
 x - 19 bolts of penetration
 E - 3 silver tomahawks (quivered)
 I - 4 tomahawks
Armour
 b - a +2 robe (worn)
 u - a +2 cloak (worn)
 B - a +3 large shield (worn)
Jewellery
 f - an uncursed ring of flight {god gift}
 j - a ring of protection from fire (right hand)
 C - an amulet of the gourmand (around neck)
 L - the ring "Veyrhu" (left hand) {rPois rC+ rN+ Stlth-}
   (You bought it in a shop on level 8 of the Dungeon)

   [ring of loudness]

   It protects you from cold.
   It protects you from poison.
   It protects you from negative energy.
   It makes you less stealthy.
Magical devices
 h - a wand of fireball (7)
 q - a wand of hasting (0) {god gift}
 t - a wand of fire (0) {god gift}
 H - a wand of paralysis (6)
 M - a wand of disintegration (10)
 N - a wand of confusion (20)
Scrolls
 i - 4 scrolls of fog
 G - a scroll of immolation
Potions
 n - 2 potions of flight
 p - a potion of cure mutation {unknown}
 z - a potion of might {unknown}
 J - a potion of brilliance {unknown}
Books
 r - a book of Necromancy

   Spells                             Type                      Level
   a - Pain                           Necromancy                   1
   b - Animate Skeleton               Necromancy                   1
   c - Vampiric Draining              Necromancy                   3
   d - Regeneration                   Charms/Necromancy            3
   e - Animate Dead                   Necromancy                   4
   f - Control Undead                 Necromancy                   4
Comestibles
 c - 10 bread rations
 g - 6 meat rations
 o - 8 slices of pizza
 A - 5 beef jerkies


   Skills:
 * Level 9.3(7.9) Fighting
 + Level 8.5(7.1) Maces & Flails
 * Level 7.6(6.2) Dodging
 * Level 7.5(6.1) Shields
 + Level 2.8(1.6) Spellcasting
 + Level 1.8(0.7) Necromancy


You had 13 spell levels left.
You knew the following spells:

 Your Spells              Type           Power        Failure   Level  Hunger
a - Animate Skeleton      Necr           N/A          98%         1    ##.....


Dungeon Overview and Level Annotations

Branches:
Dungeon (8/15)             Temple (0/1) D:7
   Lair: D:8-11

Altars:
Ashenzari
Cheibriados
Gozag
Kikubaaqudgha
Sif Muna
Trog
Yredelemnul
The Shining One

Shops:
D:8 =

Annotations:
D:8 fneyf's ghost, experienced DrBe


Innate Abilities, Weirdness & Mutations

You are too large for most types of armour.
You have tough skin (AC +1).
You are partially covered in icy blue scales (AC +1).
You are partially covered in rough black scales (AC +4, Dex -1).
You have supernaturally acute eyesight.
Armour fits poorly on your strangely shaped body.
You are frail (-10% HP).
Your natural rate of healing is unusually fast.
You evolve.


Message History

You feel protected!
a - a +2 hammer of protection (weapon)
Fneyf's ghost hits you.
* * * LOW HITPOINT WARNING * * *
You closely miss fneyf's ghost.
Fneyf's ghost is severely damaged.
Fneyf's ghost screams, "Zot is a myth, the ORB is a fable, you'll soon be a tale!"
Fneyf's ghost breathes negative energy at you.
The bolt of negative energy hits you! You partially resist.
You feel drained.
* * * LOW HITPOINT WARNING * * *
You sock fneyf's ghost!
Fneyf's ghost is almost destroyed.
Fneyf's ghost barely misses you.
Drink which item? (? for menu, Esc to quit)
You are confused.
You feel invigorated.
Fneyf's ghost whispers, "They're coming for you..."
Fneyf's ghost hits you!
You die...
Xom bursts into laughter!

####.#.#
#....
#...<#.#
#....
######.#
#.... #...#
##### #.###
###)# #...#
##W###
#.@..#
####.#
#.#####
#.....#
#####.#
#.##########
#.##....)..)
#.##.###..##
#.##.# #....


You could see fneyf's ghost.

Vanquished Creatures
  Erolcha (D:8)
  The ghost of Tyryt0 the Chopper, an experienced MiBe of Trog (D:4)
  Sigmund (D:6)
  A yak (D:7)
  Eustachio (D:6)
  Grum (D:8)
  2 wolves (D:8)
  4 orc warriors
  An ice beast (D:4)
  A necrophage (D:8)
  A sky beast (D:6)
  An ogre (D:4)
  2 giant frogs
  3 scorpions
  A water moccasin skeleton (D:7)
  2 giant frog skeletons
  4 crimson imps
  Crazy Yiuf (D:2)
  2 hounds
  2 jellies
  5 orc priests
  An iguana (D:5)
  13 orc wizards
  4 worker ants
  A sheep (D:7)
  3 hound skeletons
  11 adders
  A river rat (shapeshifter) (D:2)
  A shadow imp (D:5)
  An adder skeleton (D:4)
  5 worms
  37 orcs
  6 bats
  2 bat zombies
  11 goblins
  12 hobgoblins
  7 jackals
  10 kobolds
  11 quokkas
  2 ball pythons (D:4)
  5 giant cockroaches
  5 giant geckos
  4 giant newts
  12 rats
  A fungus (D:2)
  2 plants (D:8)
206 creatures vanquished.

Vanquished Creatures (collateral kills)
  A wyvern (D:8)
  A human (D:7)
  An orc wizard (D:5)
  Ijyb (D:2)
  A worker ant (D:5)
  2 sheep (D:7)
  4 gnolls (D:2)
  An ooze (D:2)
  3 orcs (D:5)
  A goblin (D:5)
  A rat (D:2)
17 creatures vanquished.

Grand Total: 223 creatures vanquished

Notes
Turn   | Place    | Note
--------------------------------------------------------------
     0 | D:1      | Chiseanne the Ogre Chaos Knight began the quest for the Orb.
     0 | D:1      | Reached XP level 1. HP: 24/24 MP: 1/1
   262 | D:1      | XOM: harmless Conj miscast
   265 | D:1      | Reached XP level 2. HP: 32/32 MP: 2/2
   271 | D:1      | XOM: divination: detect creatures
   369 | D:1      | Reached skill level 1 in Shields
   501 | D:1      | XOM: give mutations
   501 | D:1      | Gained mutation: You are somewhat resistant to further mutation. [Xom's grace]
   501 | D:1      | Gained mutation: You are partially covered in icy blue scales (AC +1). [Xom's grace]
   553 | D:1      | XOM: cast spell 'Beastly Appendage'
   558 | D:1      | XOM: vitrification
   634 | D:2      | Noticed Ijyb
   640 | D:2      | XOM: summons 2 friendly demons
   645 | D:2      | Killed Ijyb
   645 | D:2      | Reached XP level 3. HP: 24/39 MP: 3/3
   937 | D:2      | XOM: summons 3 friendly demons
   938 | D:2      | Reached XP level 4. HP: 23/49 MP: 4/4
   950 | D:2      | XOM: god gift: jewelled brass wand {god gift}
   988 | D:2      | XOM: noise
  1100 | D:2      | Noticed Crazy Yiuf
  1107 | D:2      | Killed Crazy Yiuf
  1318 | D:3      | XOM: silly message
  1323 | D:3      | Reached XP level 5. HP: 46/55 MP: 5/5
  1419 | D:3      | XOM: enchant monster (good)
  1468 | D:3      | XOM: cast spell 'Summon Butterflies'
  1559 | D:4      | Reached skill level 5 in Fighting
  1932 | D:3      | XOM: harmless Chrm miscast
  1964 | D:3      | XOM: give mutations
  1964 | D:3      | Gained mutation: You have supernaturally acute eyesight. [Xom's grace]
  1964 | D:3      | Lost mutation: You are somewhat resistant to further mutation. [Xom's grace]
  1964 | D:3      | Gained mutation: You evolve. [Xom's grace]
  1964 | D:3      | Gained mutation: You are partially covered in rough black scales (AC +4, Dex -1). [Xom's grace]
  2249 | D:4      | Noticed an ogre
  2257 | D:4      | Killed an ogre
  2257 | D:4      | Reached skill level 5 in Maces & Flails
  2257 | D:4      | Reached XP level 6. HP: 60/66 MP: 6/6
  2279 | D:4      | XOM: god gift: 2 needles of slowing
  2302 | D:4      | XOM: divination: detect items
  2420 | D:4      | Found an opulent altar of Gozag.
  2421 | D:4      | Found a basalt altar of Yredelemnul.
  2422 | D:4      | Noticed Tyryt0's ghost (experienced MiBe)
  2422 | D:4      | Found a bloodstained altar of Trog.
  2436 | D:4      | Reached XP level 7. HP: 72/72 MP: 7/7
  2522 | D:4      | Noticed an ice beast
  2538 | D:4      | Killed an ice beast
  2914 | D:4      | XOM: enchant monster (good)
  2931 | D:4      | Killed Tyryt0's ghost
  2931 | D:4      | Reached skill level 6 in Fighting
  2931 | D:4      | Reached skill level 5 in Dodging
  2931 | D:4      | Reached XP level 8. HP: 71/84 MP: 8/8
  3060 | D:5      | Entered Level 5 of the Dungeon
  3065 | D:5      | XOM: polymorph bat -> giant cockroach
  3099 | D:5      | Found a shattered altar of Ashenzari.
  3468 | D:5      | XOM: divination: detect items
  3471 | D:5      | XOM: mild Summ miscast
  3601 | D:5      | XOM: summons 5 friendly demons
  3906 | D:5      | XOM: divination: detect items
  4018 | D:5      | XOM: harmless Chrm miscast
  4027 | D:5      | Reached skill level 5 in Shields
  4027 | D:5      | XOM: silly message
  4047 | D:5      | XOM: enchant monster (bad)
  4068 | D:5      | XOM: give mutation
  4068 | D:5      | Gained mutation: You are frail (-10% HP). [Xom's mischief]
  4084 | D:6      | Noticed Eustachio
  4092 | D:6      | XOM: noise
  4121 | D:6      | Killed Eustachio
  4341 | D:6      | Reached skill level 7 in Maces & Flails
  4351 | D:6      | Noticed Sigmund
  4359 | D:6      | XOM: stat loss: -1 Int (10/11)
  4489 | D:6      | XOM: noise
  4727 | D:6      | XOM: mild Summ miscast
  4779 | D:6      | Killed Sigmund
  4779 | D:6      | Reached XP level 9. HP: 83/83 MP: 9/9
  4901 | D:6      | Found a glowing golden altar of the Shining One.
  5034 | D:6      | XOM: noise
  5112 | D:6      | XOM: give mutations
  5112 | D:6      | Gained mutation: Your body sometimes deteriorates upon taking damage. [Xom's mischief]
  5112 | D:6      | Lost mutation: You are frail (-10% HP). [Xom's mischief]
  5112 | D:6      | Lost mutation: You have supernaturally acute eyesight. [Xom's mischief]
  5112 | D:6      | Gained mutation: You rapidly evolve. [Xom's mischief]
  5116 | D:6      | Gained mutation: Your muscles are strong. (Str +2) [evolution]
  5116 | D:6      | Lost mutation: You rapidly evolve. [end of evolution]
  5134 | D:6      | XOM: severe Erth miscast
  5336 | D:7      | Found a staircase to the Ecumenical Temple.
  5336 | D:7      | XOM: 7-stop teleportation journey
  5387 | D:7      | Gained mutation: Your natural rate of healing is unusually fast. [potion of mutation]
  5388 | D:7      | Gained mutation: You are frail (-10% HP). [potion of mutation]
  5388 | D:7      | Gained mutation: Armour fits poorly on your strangely shaped body. [potion of mutation]
  5388 | D:7      | Lost mutation: Your body sometimes deteriorates upon taking damage. [potion of mutation]
  5389 | D:7      | Lost mutation: Your muscles are strong. (Str +2) [potion of mutation]
  5389 | D:7      | Gained mutation: You have supernaturally acute eyesight. [potion of mutation]
  5471 | D:7      | Got a jewelled long sword
  5472 | D:7      | Identified the cursed +1 long sword "Yray" {freeze, rElec rPois MR- Dex+4} (You found it on level 7 of the Dungeon)
  5909 | D:7      | XOM: potion effect (brilliance)
  5969 | D:7      | Learned a level 1 spell: Animate Skeleton
  6366 | D:7      | XOM: divination: detect creatures
  6575 | D:8      | XOM: stealth player
  6589 | D:8      | Noticed fneyf's ghost (experienced DrBe)
  6596 | D:8      | XOM: divination: detect creatures
  6603 | D:8      | XOM: divination: detect creatures
  6609 | D:8      | XOM: enchant monster (good)
  6610 | D:8      | Found a snail-covered altar of Cheibriados.
  6610 | D:8      | Found an ancient bone altar of Kikubaaqudgha.
  6610 | D:8      | Found a deep blue altar of Sif Muna.
  6610 | D:8      | XOM: 5-stop teleportation journey
  6676 | D:8      | XOM: 1-stop teleportation journey
  6677 | D:8      | Noticed Grum
  6685 | D:8      | XOM: polymorph orc -> kobold
  6709 | D:8      | XOM: divination: magic mapping
  6736 | D:8      | Reached skill level 8 in Fighting
  6736 | D:8      | Reached skill level 1 in Spellcasting
  6879 | D:7      | XOM: god gift: blackened iron wand {god gift}
  6976 | D:8      | XOM: summons 4 friendly demons
  6977 | D:8      | Reached skill level 1 in Necromancy
  7046 | D:8      | XOM: god gift: large glass ring {god gift}
  7062 | D:8      | XOM: smoke on damage
  7103 | D:8      | Found Feoh's Jewellery Emporium.
  7113 | D:8      | Bought the ring "Veyrhu" {rPois rC+ rN+ Stlth-} for 418 gold pieces
  7155 | D:8      | Noticed Erolcha
  7178 | D:8      | Killed Grum
  7178 | D:8      | Reached XP level 10. HP: 95/95 MP: 12/12
  7199 | D:8      | XOM: enchant monster (good)
  7213 | D:8      | Killed Erolcha
  7213 | D:8      | Reached skill level 9 in Fighting
  7579 | D:8      | XOM: chaos upgrade
  7628 | D:8      | XOM: harmless Fire miscast
  7774 | D:8      | XOM: enchant monster (bad)
  7781 | D:8      | XOM: chaos cloud
  7783 | D:8      | Paralysed by you for 3 turns
  7893 | D:8      | HP: 1/96 [fneyf's ghost/bolt of negative energy (19)]
  7895 | D:8      | Slain by fneyf's ghost

Vault maps used:
D:1:      lightli_arrival_isolated_outpost, minmay_misc_feat_room
D:2:      minmay_close_crescents, uniq_crazy_yiuf_cottage, uniq_iyjb
D:3:      first_bread, st_stairs_6
D:4:      grunt_temple_overflow_open
D:5:      cheibrodos_ashenzari_chains, kennysheep_boxes
D:6:      tso_altar, uniq_eustachio, uniq_sigmund
D:7:      minmay_temple_entry_poolview, grunt_livestock
D:8:      minmay_flawed_box, gammafunk_temple_overflow_forgotten, serial_shops,
          shop, minmay_misc_feat_diagonals, uniq_grum, uniq_erolcha

Action                   |  1- 3 |  4- 6 |  7- 9 | 10-12 || total
-------------------------+-------+-------+-------+-------++-------
Melee: Mace              |    69 |   101 |    26 |       ||   196
       Hammer            |       |    85 |   684 |   161 ||   930
       Flail             |       |       |    24 |       ||    24
       Morningstar       |       |       |    13 |    14 ||    27
 Cast: Animate Skeleton  |       |       |     1 |       ||     1
Evoke: Wand              |       |       |    10 |     2 ||    12
  Use: Scroll            |     8 |     4 |     8 |       ||    20
       Potion            |       |       |     8 |     4 ||    12
 Stab: Paralysed         |     1 |       |     5 |       ||     6
       Sleeping          |       |     1 |     2 |       ||     3
       Petrified         |       |       |     1 |       ||     1
       Distracted        |       |       |     1 |       ||     1
       Confused          |       |       |       |     1 ||     1
       Invisible         |       |       |       |     1 ||     1
  Eat: Chunk             |       |     4 |    15 |    11 ||    30
       Fruit             |       |     5 |       |       ||     5
       Royal jelly       |       |       |       |     1 ||     1
